 Dungeon Crawl Stone Soup version 0.31-a0-702-gf82c85558f (webtiles) character file.

Game seed: 523052527801982925

50 qw the Shooter (level 3, -3/23 HPs)
             Began as a Gargoyle Hunter on Sept 8, 2023.
             Slain by a gnoll
             ... wielding a +2 flail of holy wrath
              (5 damage)
             ... on level 2 of the Dungeon.
             The game lasted 00:00:25 (800 turns).

qw the Shooter (Gargoyle Hunter)                     Turns: 800, Time: 00:00:26

Health: -3/23      AC:  6    Str: 14    XL:     3   Next: 79%
Magic:  3/3        EV: 11    Int:  9    God:
Gold:   126        SH:  0    Dex: 15    Spells: 2/2 levels left

rFire   . . .        Y - +0 shortbow
rCold   . . .        (shield currently unavailable)
rNeg    + . .        c - +0 leather armour
rPois   inf          (no helmet)
rElec   +            (no cloak)
rCorr   .            (no gloves)
SInv    .            (no boots)
Will    .....        (no amulet)
Stlth   ++           (no ring)
HPRegen 0.23/turn    (no ring)
MPRegen 0.08/turn

%: no passive effects
@: no status effects
A: sickness immunity, AC +3, negative energy resistance 1, electricity
resistance, torment resistance 1, petrification resistance
a: no special abilities


You were on level 2 of the Dungeon.
You visited 1 branch of the dungeon, and saw 2 of its levels.

You collected 126 gold pieces.


Innate Abilities, Weirdness & Mutations

You are immune to sickness and miasma.
Your stone body is resilient. (AC +3)
You are immune to poison.
You resist negative energy. (rN+)
You are resistant to electric shocks. (rElec)
You are resistant to unholy torment.
You are immune to petrification.


   Skills:
 - Level 3.0 Fighting
 + Level 5.0 Ranged Weapons
 - Level 1.5 Dodging
 - Level 1.1 Stealth


You had 2 spell levels left.
You didn't know any spells.
Your spell library was empty.

Inventory:

Hand Weapons
 Y - a +0 shortbow (weapon)
Armour
 c - a +0 leather armour (worn)
Scrolls
 a - 2 scrolls of identify
 b - a scroll of amnesia {unknown}
 d - 2 scrolls of fear {unknown}
 f - a scroll of blinking {unknown}
Potions
 e - 2 potions of curing {unknown}
 g - a potion of might
 h - 3 potions of attraction {unknown}

Dungeon Overview and Level Annotations

Branches:
Dungeon (2/15)

Altars:

Shops:
D:2 (


Message History

The arrow barely misses the gnoll.
You shoot an arrow.
The arrow hits the gnoll but does no damage.
The gnoll is heavily wounded.
The gnoll misses you.
Enter note:
Enter note:
Enter note:
795 |||
Found retreat position at -3,0 (floor) with 0 blocking monsters and 2 monsters attacking at destination at distance 3
795 ||| Stepping ~*~*~tactically~*~*~ (retreating).
The gnoll hits you with a +2 flail of holy wrath!
Enter note:
Enter note:
Enter note:
796 |||
Found retreat position at -2,0 (floor) with 0 blocking monsters and 2 monsters attacking at destination at distance 2
796 ||| Stepping ~*~*~tactically~*~*~ (retreating).
The gnoll hits you with a +2 flail of holy wrath.
The gnoll attacks as it pursues you! The gnoll hits you with a +0 club.
Enter note:
Enter note:
Enter note:
797 |||
Found retreat position at -1,0 (floor) with 0 blocking monsters and 2 monsters attacking at destination at distance 1
797 ||| Stepping ~*~*~tactically~*~*~ (retreating).
You shoot an arrow.
The arrow hits the gnoll but does no damage.
The gnoll closely misses you.
You shoot an arrow. The arrow barely misses the gnoll.
The arrow completely misses the gnoll.
The arrow closely misses the rat.
The arrow hits the goblin!
You kill the goblin!
The gnoll hits you from afar with a +0 spear.
The gnoll hits you with a +2 flail of holy wrath!
The gnoll closely misses you.
The gnoll hits you with a +2 flail of holy wrath.
You shoot an arrow. The arrow barely misses the gnoll.
The arrow closely misses the gnoll.
The arrow hits the rat.
You kill the rat!
The gnoll closely misses you.
The gnoll hits you with a +2 flail of holy wrath.
You die...

. .. ... .... ############
..... ##..........#
#######...... .#..........#
#.@gg.)......
............###.##g##..?...
.........>#....%...%.g....P
....................#......
..#.####............# ####.
..#.# #............# #.. .....
...#............ ..###..
..#.###.............###...#...#
....>...............##.........


You could see 3 gnolls.

Vanquished Creatures
  An adder (D:2)
  3 dart slugs (D:1)
  5 bats
  3 endoplasms
  3 giant cockroaches
  4 goblins
  3 hobgoblins
  3 jackals (D:1)
  A kobold (D:1)
  A quokka (D:1)
  3 frilled lizards
  2 rats
32 creatures vanquished.

Notes
Turn   | Place    | Note
-------+----------+-------------------------------------------
     0 | D:1      | qw the Gargoyle Hunter began the quest for the Orb.
     0 | D:1      | Reached XP level 1. HP: 12/12 MP: 1/1
     0 | D:1      | 0 ||| qw: Version: 0.3-a-76-g4403597
     0 | D:1      | 0 ||| qw: Game counter: 1142
     0 | D:1      | 0 ||| qw: Melee chars always use a shield: true
     0 | D:1      | 0 ||| qw: God list: Okawaru
     0 | D:1      | 0 ||| qw: Allow faded altars: false
     0 | D:1      | 0 ||| qw: Do Orc after clearing Dungeon:15 true
     0 | D:1      | 0 ||| qw: Do second Lair branch before Depths: true
     0 | D:1      | 0 ||| qw: Lair rune preference: random
     0 | D:1      | 0 ||| qw: Goals: Normal
     0 | D:1      | 0 ||| PLANNING D:1-11
   116 | D:1      | Reached XP level 2. HP: 17/17 MP: 2/2
   335 | D:1      | Reached XP level 3. HP: 18/21 MP: 3/3
   367 | D:1      | Reached skill level 5 in Ranged Weapons
   581 | D:1      | 581 ||| READING 4 scrolls labelled FILIUXA GUOFE.
   582 | D:1      | 582 ||| READING scroll labelled YNGOFU HIGYMEU.
   583 | D:1      | 583 ||| READING 3 scrolls of identify.
   583 | D:1      | 583 ||| IDENTIFYING sedimented emerald potion
   584 | D:1      | 584 ||| READING 2 scrolls of identify.
   584 | D:1      | 584 ||| IDENTIFYING emerald potion
   585 | D:1      | 585 ||| DROPPING scroll of butterflies.
   586 | D:1      | 586 ||| DROPPING potion of degeneration.
   641 | D:2      | Found Noociemo's Weapon Emporium.
   652 | D:2      | 652 ||| SHOPLISTING +1 antimagic shortbow (160 gold, have
                  | 81).
   783 | D:2      | Reached skill level 3 in Fighting
   791 | D:2      | 791 ||| RETREATING.
   795 | D:2      | 795 ||| Stepping ~*~*~tactically~*~*~ (retreating).
   796 | D:2      | 796 ||| Stepping ~*~*~tactically~*~*~ (retreating).
   797 | D:2      | 797 ||| Stepping ~*~*~tactically~*~*~ (retreating).
   799 | D:2      | HP: 4/23 [gnoll/+2 flail of holy wrath (7)]
   799 | D:2      | HP: 1/23 [gnoll/+2 flail of holy wrath (3)]
   800 | D:2      | Slain by a gnoll

Levels and vault maps discovered:
D:1:      dpeg_chamrin_arrival_tetris, layout_basic
D:2:      layout_rooms, serial_shops, shop, nicolae_grassy_gnolls

Skill      XL: |  1  2  3 |
---------------+----------+-----
Ranged Weapons | 5 |  5.0
Fighting       | 3 |  3.0
Dodging        | |  1.5
Stealth        | |  1.1

Action                     || total
---------------------------++-------
   Fire: Shortbow          ||   100
    Use: Scroll            ||     4
 Armour: Leather armour    ||    25
  Dodge: Dodged            ||    20

Table legend:
 A = Non-vault XP
 B = Vault XP
 C = Vault XP percentage of total XP
 D = Non-vault monster count
 E = Vault monster count
 F = Vault count percentage of total count
                 A         B        C        D         E       F
            +---------+---------+-------+---------+---------+-------
      Total |      73 |       0 |   0.0 |      32 |       0 |   0.0
            +---------+---------+-------+---------+---------+-------
        D:1 |      47 |       0 |   0.0 |      23 |       0 |   0.0
        D:2 |      26 |       0 |   0.0 |       9 |       0 |   0.0
            +---------+---------+-------+---------+---------+-------
